 Dungeon Crawl Stone Soup version 0.23.1-37-gaa34b87b72 (webtiles) character file.

Game seed: 1298315481092471584

29389 Snaaty1 the Timeless (level 13, -20/79 HPs)
             Began as a Gargoyle Earth Elementalist on Mar 28, 2019.
             Was a High Priest of Cheibriados.
             Demolished by an orc warlord
             ... wielding a +3 dire flail
              (28 damage)
             ... on level 2 of the Orcish Mines.
             The game lasted 01:00:26 (16638 turns).

Snaaty1 the Timeless (Gargoyle Earth Elementalist) Turns: 16638, Time: 01:00:26

Health: -20/79     AC: 26    Str: 24    XL:     13   Next: 45%
Magic:  1/26       EV: 11    Int: 35    God:    Cheibriados [*****.]
Gold:   702        SH:  0    Dex: 21    Spells: 7/30 levels left

rFire    + . .     SeeInvis .   K - +2 mace (protect)
rCold    . . .     Gourm    .   (no shield)
rNeg     + . .     Faith    .   e - +1 plate armour {rF+}
rPois    ∞         Spirit   .   j - +0 helmet
rElec    +         Reflect  .   (no cloak)
rCorr    .         Harm     .   (no gloves)
MR       .....                  (no boots)
Stlth    ..........             (no amulet)
HPRegen  0.23/turn              y - ring of wizardry
MPRegen  0.20/turn              n - +4 ring of intelligence

@: lightly drained, very slow
A: negative energy resistance 1, electricity resistance, unbreathing,
petrification resistance, rot immunity, AC +9
a: Bend Time, Temporal Distortion, Slouch, Step From Time, Renounce Religion


You were on level 2 of the Orcish Mines.
You worshipped Cheibriados.
Cheibriados was extremely pleased with you.
You were not hungry.

You visited 3 branches of the dungeon, and saw 15 of its levels.

You collected 1615 gold pieces.
You spent 913 gold pieces at shops.

Inventory:

Hand Weapons
 a - a +2 short sword of distortion
 w - a +2 dagger of electrocution
 G - a +2 hunting sling of flaming
 I - a +0 short sword of electrocution
 K - a +2 mace of protection (weapon)
 O - a +1 dagger of venom
 V - a +2 flail of holy wrath
Missiles
 b - 289 stones (quivered)
 m - 2 throwing nets
 q - 109 bolts
 E - 119 arrows
Armour
 e - a +1 plate armour of fire resistance (worn)
 j - a +0 helmet (worn)
 r - a +4 scale mail
 z - a +0 shield
 A - the +3 leather armour of Moafegg {rElec}
   (You took it off an orc wizard on level 4 of the Dungeon)

   It insulates you from electricity.
 P - a +2 robe of positive energy
 U - a +0 troll leather armour
Jewellery
 n - a +4 ring of intelligence (right hand)
 y - a ring of wizardry (left hand)
 C - a +3 ring of evasion
 F - a +5 ring of dexterity
Wands
 c - a wand of paralysis (10)
 J - a wand of enslavement (5)
 N - a wand of acid (6)
 Q - a wand of iceblast (7)
 R - a wand of flame (12)
Scrolls
 h - 4 scrolls of enchant armour
 k - 5 scrolls of amnesia
 p - 3 scrolls of remove curse
 u - 3 scrolls of fog
 v - 2 scrolls of enchant weapon
 B - 2 scrolls of magic mapping
 W - a scroll of fear
 Z - a scroll of summoning
Potions
 f - 3 potions of haste {unknown}
 g - 9 potions of curing
 i - 4 potions of brilliance {unknown}
 l - 2 potions of agility {unknown}
 o - a potion of cancellation
 s - 5 potions of lignification {unknown}
 t - 5 potions of heal wounds {unknown}
 x - 2 potions of flight {unknown}
 D - a potion of resistance
 L - a potion of might
 M - a potion of mutation {unknown}
 S - a potion of ambrosia {unknown}
 T - a potion of degeneration {unknown}
Comestibles
 d - 24 rations


   Skills:
 - Level 8.3(8.2) Fighting
 - Level 0.3(0.2) Short Blades
 - Level 1.0(0.9) Maces & Flails
 * Level 9.5(9.4) Armour
 - Level 5.3(5.2) Dodging
 - Level 2.1 Stealth
 - Level 9.1(9.0) Spellcasting
 - Level 8.0(7.9) Conjurations
 - Level 1.0(0.9) Translocations
 - Level 0.7(0.6) Transmutations
 - Level 1.1(1.0) Fire Magic
 - Level 10.1(9.9) Earth Magic
 - Level 12.1(12.0) Invocations


You had 7 spell levels left.
You knew the following spells:

 Your Spells              Type           Power        Failure   Level  Hunger
a - Sandblast             Erth           ######       1%          1    None
b - Passwall              Tmut/Erth      ######..     2%          2    None
c - Stone Arrow           Conj/Erth      ######       1%          3    None
d - Lee's Rapid Deconstr  Erth           ######....   6%          5    ###....
e - Petrify               Tmut/Erth      ######..     16%         4    None
f - Blink                 Tloc           N/A          13%         2    None
g - Mephitic Cloud        Conj/Pois/Air  ####....     13%         3    None
h - Conjure Flame         Conj/Fire      #####...     6%          3    None

Your spell library contained the following spells:

 Spells                   Type           Power        Failure   Level  Hunger
 Magic Dart               Conj           ####         1%          1    None
 Confusing Touch          Hex            ###...       13%         1    None
 Call Imp                 Summ           ###.....     19%         2    None
 Slow                     Hex            ###.....     19%         2    None
 Gell's Gravitas          Tloc           ###.......   26%         3    None
 Confuse                  Hex            ###.....     34%         3    None
 Yara's Violent Unravell  Hex/Tmut       ###.......   95%         5    ###....
 Metabolic Englaciation   Hex/Ice        ###.......   96%         5    ###....


Dungeon Overview and Level Annotations

Branches:
Dungeon (12/15)            Temple (1/1) D:4            Lair (0/6) D:11
    Orc (2/2) D:9
    Elf: Orc:2

Altars:
Ashenzari
Cheibriados
Dithmenos
Elyvilon
Fedhas
Gozag
Hepliaklqana
Kikubaaqudgha
Makhleb
Nemelex Xobeh
Okawaru
Qazlal
Ru
Sif Muna
Trog
Uskayaw
Vehumet
Wu Jian
Xom
Yredelemnul
Zin
The Shining One
Beogh

Shops:
D:7 !   D:12 :   Orc:2 *[


Innate Abilities, Weirdness & Mutations

You are resistant to torment.
Your stone body is resilient. (AC +9)
You are immune to poison.
You resist negative energy. (rN+)
You are resistant to electric shocks. (rElec)
You can survive without breathing.
You are immune to petrification.
You are immune to rotting.


Message History

The orc warlord is engulfed in noxious fumes.
The orc warlord appears confused.
The orc warlord hits you but does no damage.
You hit the orc warlord but do no damage.
The orc warlord is almost dead.
The orc warlord is engulfed in noxious fumes.
The orc warlord grins madly.
The orc warlord seems less confused.
The orc warlord hits you with a +3 dire flail!
* * * LOW HITPOINT WARNING * * *
The orc warlord hits you but does no damage.
Casting: Stone Arrow (safe; 1% risk of failure)
Confirm with . or Enter, or press ? or * to list all spells.
Okay, then.
Casting: Stone Arrow (safe; 1% risk of failure)
Confirm with . or Enter, or press ? or * to list all spells.
You blink.
Okay, then.
The orc warlord hits you with a +3 dire flail!!
You die...

.................#.........P.P...
......................P.....
............#.#.P..8..P.....
.........#...##....P........
........##....###P....##....
.........#...## ##..........
....<....##.## ###.#.......
..........### ##.#
............#@##....
..#..........o.....#
....#................
.....#.#...#.#.##....
........#.##....#..##
........#.#........#
.....#.....#.#.##.##
..........###### ## #..#.##..##


You could see an orc warlord.

Vanquished Creatures
  An orc warlord (Orc:2)
  Josephine (D:12)
  An ogre mage (Orc:1)
  Urug (Orc:1)
  6 two-headed ogres
  An orc high priest (Orc:1)
  Sonja (Orc:1)
  Nergalle (Orc:1)
  2 unseen horrors
  4 orc knights
  5 orc sorcerers
  A manticore (D:12)
  An ugly thing (D:11)
  A centaur zombie (D:12)
  2 gargoyles
  A kobold demonologist (D:12)
  4 trolls
  A hornet (D:10)
  Grinder (D:3)
  5 hippogriffs
  A shadow (D:12)
  4 wraiths (D:12)
  10 yaks
  3 wargs
  A water moccasin (D:9)
  23 orc warriors
  3 ice beasts
  3 sky beasts
  5 black bears
  3 necrophages (D:12)
  3 phantoms
  An eye of draining (D:8)
  17 ogres
  6 centaurs
  A crocodile (D:10)
  5 big kobolds
  5 bullfrogs
  A wyvern zombie (D:12)
  A water moccasin zombie (D:11)
  3 scorpions (D:4)
  15 killer bees
  2 wights (D:12)
  A howler monkey (D:7)
  3 bullfrog zombies
  4 crimson imps
  6 hounds
  4 jellies
  10 orc priests
  A bullfrog skeleton (D:6)
  A centaur skeleton (D:10)
  4 iguanas
  19 orc wizards
  Jessica (D:2)
  5 worker ants
  2 hound zombies
  2 hound skeletons
  A mummy (D:12)
  Robin (D:3)
  6 gnolls
  13 adders
  4 shadow imps
  2 oozes
  2 adder skeletons
  An adder zombie (D:10)
  3 worms
  3 dart slugs
  5 leopard geckos
  83 orcs
  9 bats
  4 giant cockroaches
  41 goblins
  31 hobgoblins
  12 jackals
  23 kobolds
  4 quokkas
  6 frilled lizards
  A jackal zombie (D:8)
  A quokka skeleton (D:8)
  A quokka zombie (D:7)
  2 rats (D:1)
479 creatures vanquished.

Vanquished Creatures (others)
  3 orcs
  6 fungi (Orc:2)
  A plant (D:11)
10 creatures vanquished.

Grand Total: 489 creatures vanquished

Notes
Turn   | Place    | Note
-------+----------+-------------------------------------------
     0 | D:1      | Snaaty1 the Gargoyle Earth Elementalist began the quest for
                  | the Orb.
     0 | D:1      | Reached XP level 1. HP: 10/10 MP: 3/3
   320 | D:1      | Reached XP level 2. HP: 11/15 MP: 5/5
   647 | D:1      | Reached XP level 3. HP: 18/19 MP: 6/6
   830 | D:1      | Reached skill level 5 in Earth Magic
   840 | D:1      | Learned a level 2 spell: Passwall
   844 | D:1      | Learned a level 3 spell: Stone Arrow
  1021 | D:1      | Reached skill level 1 in Maces & Flails
  1289 | D:2      | Reached XP level 4. HP: 24/24 MP: 4/7
  1347 | D:2      | Noticed Jessica
  1351 | D:2      | Killed Jessica
  1509 | D:2      | Found a burning altar of Makhleb.
  1520 | D:2      | Reached XP level 5. HP: 28/28 MP: 5/8
  1877 | D:3      | Found a glowing golden altar of the Shining One.
  2071 | D:3      | Noticed Grinder
  2073 | D:3      | Paralysed by Grinder for 7 turns
  2085 | D:3      | Killed Grinder
  2085 | D:3      | Reached XP level 6. HP: 22/32 MP: 2/9
  2319 | D:3      | Found a blossoming altar of Fedhas.
  2321 | D:3      | Noticed Robin
  2331 | D:3      | Killed Robin
  2945 | D:4      | Reached XP level 7. HP: 36/36 MP: 7/10
  3335 | D:4      | Identified the +3 leather armour of Moafegg {rElec}
  3530 | D:4      | Reached skill level 10 in Earth Magic
  3712 | D:4      | Reached XP level 8. HP: 41/41 MP: 7/13
  3766 | D:4      | Found a staircase to the Ecumenical Temple.
  3783 | Temple   | Entered the Ecumenical Temple
  3833 | Temple   | Became a worshipper of Cheibriados the Contemplative
  4484 | D:5      | Entered Level 5 of the Dungeon
  4491 | D:5      | Reached skill level 5 in Spellcasting
  4534 | D:5      | Reached * piety under Cheibriados
  5082 | D:5      | Found a sacrificial altar of Ru.
  5198 | D:5      | Noticed a hippogriff
  5203 | D:5      | Killed a hippogriff
  5203 | D:5      | Reached skill level 5 in Conjurations
  5203 | D:5      | Reached XP level 9. HP: 40/45 MP: 13/16
  5587 | D:5      | Learned a level 5 spell: Lee's Rapid Deconstruction
  5592 | D:5      | Learned a level 4 spell: Petrify
  5995 | D:6      | Found an ancient bone altar of Kikubaaqudgha.
  6761 | D:7      | Found Tyobuaf's Distillery.
  6765 | D:7      | Reached ** piety under Cheibriados
  6920 | D:7      | Bought a potion of curing for 45 gold pieces
  7360 | D:7      | Reached *** piety under Cheibriados
  7602 | D:8      | You fall through a shaft for 3 floors!
  7602 | D:11     | Found a staircase to the Lair.
  7603 | D:11     | Noticed a gargoyle
  7608 | D:11     | Killed a gargoyle
  7610 | D:11     | Noticed a white ugly thing
  7618 | D:11     | Noticed a troll
  7622 | D:10     | Entered Level 10 of the Dungeon
  7797 | D:11     | Killed a troll
  7803 | D:10     | Reached XP level 10. HP: 34/50 MP: 1/22
  8298 | D:8      | Found a stormy altar of Qazlal.
  8311 | D:8      | Reached **** piety under Cheibriados
  8756 | D:8      | Found a white marble altar of Elyvilon.
  9408 | D:9      | Reached skill level 5 in Dodging
  9589 | D:9      | Learned a level 2 spell: Blink
  9593 | D:9      | Learned a level 3 spell: Mephitic Cloud
  9597 | D:9      | Learned a level 3 spell: Conjure Flame
  9702 | D:9      | Reached ***** piety under Cheibriados
  9752 | D:9      | Found a staircase to the Orcish Mines.
 10012 | D:9      | Reached skill level 1 in Armour
 10061 | D:9      | Found a sparkling altar of Nemelex Xobeh.
 10124 | D:9      | Found a sparkling altar of Nemelex Xobeh.
 10328 | D:10     | Noticed a two-headed ogre
 10333 | D:10     | Killed a two-headed ogre
 10387 | D:10     | Reached skill level 5 in Armour
 10469 | D:10     | Reached XP level 11. HP: 53/54 MP: 17/24
 10829 | D:11     | Noticed a two-headed ogre
 10951 | D:11     | Killed a white ugly thing
 10957 | D:11     | Killed a two-headed ogre
 11009 | D:11     | Reached skill level 1 in Fighting
 11048 | D:11     | Killed an unseen horror
 11056 | D:11     | Reached skill level 5 in Fighting
 11539 | D:11     | Reached ****** piety under Cheibriados
 12212 | D:12     | Killed an unseen horror
 12277 | D:12     | Noticed a two-headed ogre
 12303 | D:12     | Reached skill level 1 in Invocations
 12398 | D:12     | Killed a two-headed ogre
 12398 | D:12     | Reached skill level 3 in Invocations
 12398 | D:12     | Reached XP level 12. HP: 65/75 MP: 11/25
 12501 | D:12     | Noticed Josephine
 12503 | D:12     | Reached skill level 4 in Invocations
 12509 | D:12     | Killed Josephine
 12509 | D:12     | Reached skill level 5 in Invocations
 12815 | D:12     | Reached skill level 6 in Invocations
 13065 | D:12     | Found Pemeoh's Book Boutique.
 13101 | D:12     | Reached skill level 7 in Invocations
 13448 | Orc:1    | Entered Level 1 of the Orcish Mines
 13456 | Orc:1    | Noticed a two-headed ogre
 13623 | Orc:1    | Noticed a two-headed ogre
 13623 | Orc:1    | Noticed an ogre mage
 13624 | Orc:1    | Noticed Sonja
 13631 | D:9      | Killed a two-headed ogre
 13631 | D:9      | Reached skill level 8 in Invocations
 13857 | Orc:1    | Noticed a two-headed ogre
 13867 | Orc:1    | Killed a two-headed ogre
 13867 | Orc:1    | Noticed Urug
 13870 | Orc:1    | Killed Sonja
 13870 | Orc:1    | Reached skill level 9 in Invocations
 13872 | Orc:1    | Killed a two-headed ogre
 13872 | Orc:1    | Reached skill level 1 in Translocations
 13877 | Orc:1    | Killed an ogre mage
 13877 | Orc:1    | Reached skill level 10 in Invocations
 13883 | Orc:1    | Killed Urug
 14367 | Orc:1    | Noticed Nergalle
 14385 | Orc:1    | Killed Nergalle
 14385 | Orc:1    | Reached skill level 11 in Invocations
 14703 | Orc:2    | Entered Level 2 of the Orcish Mines
 14703 | Orc:2    | Found a roughly hewn altar of Beogh.
 14703 | Orc:2    | Noticed an orc high priest
 14712 | Orc:1    | Killed an orc high priest
 14712 | Orc:1    | Reached XP level 13. HP: 79/79 MP: 11/26
 14813 | Orc:1    | Reached skill level 1 in Fire Magic
 14964 | Orc:2    | Found Ykkiurepu's General Store.
 15173 | Orc:2    | Reached skill level 12 in Invocations
 16053 | Orc:2    | Found Gumyogh's Antique Armour Emporium.
 16059 | Orc:2    | Noticed an orc warlord
 16091 | Orc:2    | Killed an orc warlord
 16560 | Orc:2    | Bought a faintly humming plate armour for 868 gold pieces
 16570 | Orc:2    | Identified the +6 plate armour "Silojonk" {Dex+6 Slay-5}
                  | (You bought it in a shop on level 2 of the Orcish Mines)
 16612 | Orc:2    | Noticed an orc warlord
 16638 | Orc:2    | Demolished by an orc warlord

Skill      XL: |  1  2  3  4  5  6  7  8  9 10 11 12 13 |
---------------+----------------------------------------+-----
Earth Magic    | 4 5 6 8 9 10 | 10.1
Maces & Flails | 1 |  1.0
Spellcasting   | 3 5 8 9 |  9.1
Conjurations   | 5 7 8 |  8.0
Dodging        | 5 |  5.3
Armour         | 5 8 9 |  9.5
Fighting       | 8 |  8.3
Invocations    | 3 11 12 | 12.1
Translocations | 1 |  1.0
Fire Magic     | 1 |  1.1
Short Blades   | |  0.3
Stealth        | |  2.1
Transmutations | |  0.7

Action                   |  1- 3 |  4- 6 |  7- 9 | 10-12 | 13-15 || total
-------------------------+-------+-------+-------+-------+-------++-------
Melee: Whip              |    87 |    53 |       |       |       ||   140
       Dagger            |       |    23 |   258 |   373 |    43 ||   697
       Flail             |       |       |       |     5 |       ||     5
       Mace              |       |       |       |       |     9 ||     9
 Cast: Sandblast         |    10 |    32 |   100 |   191 |    31 ||   364
       Stone Arrow       |       |       |    13 |    86 |    66 ||   165
       Lee's Rapid Decon |       |       |     1 |     2 |       ||     3
       Mephitic Cloud    |       |       |       |     8 |     1 ||     9
       Blink             |       |       |       |     2 |     4 ||     6
       Passwall          |       |       |       |     1 |     1 ||     2
       Conjure Flame     |       |       |       |     1 |       ||     1
       Petrify           |       |       |       |     1 |       ||     1
Invok: Slouch            |       |       |       |     6 |     4 ||    10
Evoke: Wand              |       |       |       |     7 |     2 ||     9
  Use: Scroll            |     4 |       |     7 |     8 |     1 ||    20
       Potion            |       |       |       |     1 |       ||     1
 Stab: Sleeping          |     5 |     3 |     5 |     8 |       ||    21
       Confused          |       |       |       |     5 |       ||     5
  Eat: Chunk             |     1 |     6 |     7 |     5 |       ||    19
       Ration            |       |       |     2 |     1 |     1 ||     4
Armor: Robe              |    39 |    48 |    28 |       |       ||   115
       Leather armour    |       |       |   152 |    78 |       ||   230
       Scale mail        |       |       |       |   352 |    40 ||   392
       Plate armour      |       |       |       |       |    20 ||    20
Dodge: Dodged            |    65 |    53 |   271 |   621 |    97 ||  1107
